| TOP OF THE 1ST |
|
Bowie Baysox batting - Pitching for Portland Sea Dogs : LHP Jon Convery
|
|
Pitching: LHP Jon Convery
|
|
|
Batting: RHB Travis Leonard
|
0-0: SINGLE (Groundball, P, EV 89.4 MPH) (infield hit)
|
|
Batting: RHB John Gray
|
0-0: Ball Travis Leonard steals 2nd base 1-0: Ball 2-0: Called Strike 2-1: Ball 3-1: Foul Ball, location: 2F 3-2: Fly out, F8 (Flyball, 8LM, EV 86.2 MPH) Runner from 2nd tags up, OUT at 3rd! 8-5
|
|
Batting: RHB Jeremy Sipe
|
0-0: Called Strike 0-1: Ground out U3 (Groundball, 13, EV 81.2 MPH)
|
| Top of the 1st over - 0 runs, 1 hit, 0 errors, 0 left on base; Bowie 0 - Portland 0 |
| BOTTOM OF THE 1ST |
|
Portland Sea Dogs batting - Pitching for Bowie Baysox : LHP Luis Perez
|
|
Pitching: LHP Luis Perez
|
|
|
Batting: RHB Frank Sokolosky
|
0-0: SINGLE (Line Drive, 89M, EV 99.4 MPH)
|
|
Batting: RHB Travis Campbell
|
0-0: Called Strike 0-1: Ball 1-1: Ball 2-1: Ball 3-1: Swinging Strike 3-2: Fly out, F9 (Line Drive, 89D, EV 88.8 MPH)
|
|
Batting: RHB Dave Burwell
|
0-0: Called Strike 0-1: Swinging Strike 0-2: Ball 1-2: Foul Ball, location: 2F 1-2: Ball 2-2: Ball 3-2: Base on Balls Frank Sokolosky to second
|
|
Batting: RHB Zi-jing Wang
|
0-0: Called Strike 0-1: Ball 1-1: Foul Ball, location: 2F 1-2: Strikes out swinging
|
|
Batting: RHB Joe Sandoval
|
0-0: Called Strike 0-1: Called Strike 0-2: Ball 1-2: Strikes out swinging
|
| Bottom of the 1st over - 0 runs, 1 hit, 0 errors, 2 left on base; Bowie 0 - Portland 0 |
| TOP OF THE 2ND |
|
Bowie Baysox batting - Pitching for Portland Sea Dogs : LHP Jon Convery
|
|
Batting: RHB Ray Sims
|
0-0: Called Strike 0-1: Foul Ball, location: 2F 0-2: Foul Ball, location: 2F 0-2: Ball 1-2: Ball 2-2: Ground out 3-1 (Groundball, 34S, EV 84.4 MPH)
|
|
Batting: LHB Justin Moore
|
0-0: Ball 1-0: Foul Ball, location: 2F 1-1: Ball 2-1: Ball 3-1: Ground out 4-3 (Groundball, 34D, EV 82.5 MPH)
|
|
Batting: LHB Tom Edwards
|
0-0: Called Strike 0-1: Foul Ball, location: 2F 0-2: Ball 1-2: Ball 2-2: Ball 3-2: SINGLE (Line Drive, 6M, EV 98.8 MPH)
|
|
Batting: LHB Andrew Erens
|
0-0: Ball 1-0: Ball 2-0: Foul Ball, location: 2F 2-1: Called Strike 2-2: Strikes out swinging, 2-3 out at first.
|
| Top of the 2nd over - 0 runs, 1 hit, 0 errors, 1 left on base; Bowie 0 - Portland 0 |
| BOTTOM OF THE 2ND |
|
Portland Sea Dogs batting - Pitching for Bowie Baysox : LHP Luis Perez
|
|
Batting: RHB Alex Melendez
|
0-0: Called Strike 0-1: Fly out, F8 (Line Drive, 8LM, EV 88.1 MPH)
|
|
Batting: RHB Mike Cavagnaro
|
0-0: Foul Ball, location: 2F 0-1: Ball 1-1: SINGLE (Groundball, 5D, EV 103.1 MPH)
|
|
Batting: RHB Miguel Villanueva
|
0-0: Ball 1-0: Called Strike 1-1: Ball 2-1: Called Strike 2-2: Strikes out swinging
|
|
Batting: RHB Josh Helman
|
0-0: Swinging Strike 0-1: Foul Ball, location: 2F 0-2: Strikes out swinging
|
| Bottom of the 2nd over - 0 runs, 1 hit, 0 errors, 1 left on base; Bowie 0 - Portland 0 |
| TOP OF THE 3RD |
|
Bowie Baysox batting - Pitching for Portland Sea Dogs : LHP Jon Convery
|
|
Batting: RHB Ken Jenkins
|
0-0: Ball 1-0: Called Strike 1-1: Fly out, F8 (Flyball, 78M, EV 93.1 MPH)
|
|
Batting: RHB Antonio Gamez
|
0-0: Ball 1-0: Ball 2-0: Swinging Strike 2-1: Foul Ball, location: 2F 2-2: Strikes out swinging
|
|
Batting: RHB Travis Leonard
|
0-0: Called Strike 0-1: Ball 1-1: Foul Ball, location: 2F 1-2: Ball 2-2: Ball 3-2: Ground out 5-3 (Groundball, 56S, EV 85.6 MPH)
|
| Top of the 3rd over - 0 runs, 0 hits, 0 errors, 0 left on base; Bowie 0 - Portland 0 |
| BOTTOM OF THE 3RD |
|
Portland Sea Dogs batting - Pitching for Bowie Baysox : LHP Luis Perez
|
|
Batting: RHB Frank Sokolosky
|
0-0: Ball 1-0: Ball 2-0: Ball 3-0: Called Strike 3-1: DOUBLE (Line Drive, 89M, EV 99.4 MPH)
|
|
Batting: RHB Travis Campbell
|
0-0: Ball 1-0: SINGLE (Line Drive, 56, EV 108.1 MPH) Frank Sokolosky to third
|
|
Batting: RHB Dave Burwell
|
Pickoff Throw to First - Out! 1-3 0-0: Called Strike 0-1: Ball 1-1: Ball 2-1: Foul Ball, location: 2F 2-2: Foul Ball, location: 2F 2-2: Strikes out swinging
|
|
Batting: RHB Zi-jing Wang
|
0-0: Ball 1-0: Called Strike 1-1: Called Strike 1-2: Ball 2-2: Foul Ball, location: 2F 2-2: Strikes out swinging
|
| Bottom of the 3rd over - 0 runs, 2 hits, 0 errors, 1 left on base; Bowie 0 - Portland 0 |
| TOP OF THE 4TH |
|
Bowie Baysox batting - Pitching for Portland Sea Dogs : LHP Jon Convery
|
|
Batting: RHB John Gray
|
0-0: Foul Ball, location: 2F 0-1: Ball 1-1: Ball 2-1: Called Strike 2-2: Foul Ball, location: 2F 2-2: Strikes out swinging, 2-3 out at first.
|
|
Batting: RHB Jeremy Sipe
|
0-0: Ball 1-0: Reached via error on a dropped throw from SS, E3 (Groundball, 6D, EV 84.4 MPH)
|
|
Batting: RHB Ray Sims
|
0-0: Ball 1-0: Called Strike 1-1: Ball 2-1: Called Strike 2-2: Strikes out swinging Jeremy Sipe is caught stealing 2nd base 2-4 Batter strikes out.
|
| Top of the 4th over - 0 runs, 0 hits, 1 error, 0 left on base; Bowie 0 - Portland 0 |
| BOTTOM OF THE 4TH |
|
Portland Sea Dogs batting - Pitching for Bowie Baysox : LHP Luis Perez
|
|
Batting: RHB Joe Sandoval
|
0-0: Ball 1-0: Swinging Strike 1-1: Ball 2-1: Ball 3-1: SINGLE (Groundball, 4D, EV 98.8 MPH)
|
|
Batting: RHB Alex Melendez
|
0-0: Called Strike 0-1: Swinging Strike 0-2: Ball 1-2: Strikes out swinging
|
|
Batting: RHB Mike Cavagnaro
|
0-0: Called Strike 0-1: Ground out 5-3 (Groundball, 5S, EV 84.4 MPH) Joe Sandoval to second
|
|
Batting: RHB Miguel Villanueva
|
0-0: Ball 1-0: Called Strike 1-1: Ball 2-1: Fly out, F7 (Flyball, 7LM, EV 100.0 MPH)
|
| Bottom of the 4th over - 0 runs, 1 hit, 0 errors, 1 left on base; Bowie 0 - Portland 0 |
| TOP OF THE 5TH |
|
Bowie Baysox batting - Pitching for Portland Sea Dogs : LHP Jon Convery
|
|
Batting: LHB Justin Moore
|
0-0: Called Strike 0-1: Ball 1-1: Foul Ball, location: 2F 1-2: Ball 2-2: Strikes out swinging
|
|
Batting: LHB Tom Edwards
|
0-0: Ball 1-0: Called Strike 1-1: Called Strike 1-2: Foul Ball, location: 2F 1-2: Strikes out swinging
|
|
Batting: LHB Andrew Erens
|
0-0: Ball 1-0: Called Strike 1-1: Ball 2-1: Ball 3-1: Foul Ball, location: 2F 3-2: Strikes out looking
|
| Top of the 5th over - 0 runs, 0 hits, 0 errors, 0 left on base; Bowie 0 - Portland 0 |
| BOTTOM OF THE 5TH |
|
Portland Sea Dogs batting - Pitching for Bowie Baysox : LHP Luis Perez
|
|
Batting: RHB Josh Helman
|
0-0: Ball 1-0: SINGLE (Line Drive, 56, EV 99.4 MPH)
|
|
Batting: RHB Frank Sokolosky
|
0-0: Ball 1-0: Ball 2-0: Called Strike 2-1: Swinging Strike 2-2: Grounds into double play, 4-6-3 (Groundball, 4, EV 84.4 MPH)
|
|
Batting: RHB Travis Campbell
|
0-0: Swinging Strike 0-1: Foul Ball, location: 2F 0-2: Ball 1-2: Ball 2-2: Ball 3-2: Base on Balls
|
|
Batting: RHB Dave Burwell
|
0-0: Ball 1-0: Fly out, F8 (Flyball, 89M, EV 97.5 MPH)
|
| Bottom of the 5th over - 0 runs, 1 hit, 0 errors, 1 left on base; Bowie 0 - Portland 0 |
| TOP OF THE 6TH |
|
Bowie Baysox batting - Pitching for Portland Sea Dogs : LHP Jon Convery
|
|
Batting: RHB Ken Jenkins
|
0-0: Ball 1-0: Swinging Strike 1-1: Ball 2-1: SINGLE (Line Drive, 34, EV 101.9 MPH)
|
|
Batting: RHB Antonio Gamez
|
0-0: Called Strike 0-1: Ball 1-1: Ball 2-1: Ball 3-1: Fly out, F2 (Popup, 2LF, EV 80.6 MPH)
|
|
Batting: RHB Travis Leonard
|
0-0: Ball Ken Jenkins is caught stealing 2nd base 2-4 1-0: Foul Ball, location: 2F 1-1: Ball 2-1: Foul Ball, location: 2F 2-2: Ground out 6-3 (Groundball, 6, EV 81.2 MPH)
|
| Top of the 6th over - 0 runs, 1 hit, 0 errors, 0 left on base; Bowie 0 - Portland 0 |
| BOTTOM OF THE 6TH |
|
Portland Sea Dogs batting - Pitching for Bowie Baysox : LHP Luis Perez
|
|
Batting: RHB Zi-jing Wang
|
0-0: Ball 1-0: Called Strike 1-1: Ball 2-1: Ball 3-1: Base on Balls
|
|
Batting: RHB Joe Sandoval
|
0-0: Ball 1-0: Ball 2-0: Ball 3-0: Base on Balls Zi-jing Wang to second
|
|
Batting: RHB Alex Melendez
|
0-0: Ball 1-0: Called Strike 1-1: Ball 2-1: Swinging Strike 2-2: Ball 3-2: Strikes out looking
|
|
Batting: RHB Mike Cavagnaro
|
0-0: Ball 1-0: Ball 2-0: Ball 3-0: Called Strike 3-1: Base on Balls Zi-jing Wang to third Joe Sandoval to second
|
|
Pitching: RHP Jon Grason
|
|
|
Pinch Hitting: LHB Aaron Brannon
|
0-0: Ball 1-0: Foul Ball, location: 2F 1-1: SINGLE (Groundball, 4MD, EV 103.8 MPH) Zi-jing Wang scores Joe Sandoval to third Mike Cavagnaro to second Runner from 3rd tries for Home, SAFE, throw by CF to home
|
|
Pinch Hitting: LHB Sergio Tinoco
|
0-0: Ball 1-0: Called Strike 1-1: Foul Ball, location: 2F 1-2: Ball 2-2: Foul Ball, location: 2F 2-2: Ball 3-2: Foul Ball, location: 2F 3-2: Grounds into double play, 4-6-3 (Groundball, 4, EV 80.6 MPH)
|
| Bottom of the 6th over - 2 runs, 1 hit, 0 errors, 1 left on base; Bowie 0 - Portland 2 |
| TOP OF THE 7TH |
|
Bowie Baysox batting - Pitching for Portland Sea Dogs : LHP Jon Convery
|
|
Now at 1B: Parker Lowe
|
|
|
Now in CF: Dave Reyes
|
|
|
Batting: RHB John Gray
|
0-0: Called Strike 0-1: Ball 1-1: Foul Ball, location: 2F 1-2: Strikes out swinging
|
|
Pitching: RHP Pedro Torres
|
|
|
Batting: RHB Jeremy Sipe
|
0-0: Foul Ball, location: 2F 0-1: Ball 1-1: Ball 2-1: Foul Ball, location: 2F 2-2: Strikes out swinging
|
|
Batting: RHB Ray Sims
|
0-0: Called Strike 0-1: Called Strike 0-2: Ball 1-2: Foul Ball, location: 2F 1-2: Fly out, F7 (Line Drive, 78D, EV 101.9 MPH)
|
| Top of the 7th over - 0 runs, 0 hits, 0 errors, 0 left on base; Bowie 0 - Portland 2 |
| BOTTOM OF THE 7TH |
|
Portland Sea Dogs batting - Pitching for Bowie Baysox : RHP Jon Grason
|
|
Batting: RHB Frank Sokolosky
|
0-0: Ball 1-0: Foul Ball, location: 2F 1-1: Ball 2-1: Ground out 6-3 (Groundball, 6, EV 104.4 MPH)
|
|
Batting: RHB Travis Campbell
|
0-0: Called Strike 0-1: Ball 1-1: Fly out, F8 (Flyball, 89M, EV 91.9 MPH)
|
|
Batting: RHB Dave Burwell
|
0-0: Swinging Strike 0-1: Called Strike 0-2: Ball 1-2: Strikes out swinging
|
| Bottom of the 7th over - 0 runs, 0 hits, 0 errors, 0 left on base; Bowie 0 - Portland 2 |
| TOP OF THE 8TH |
|
Bowie Baysox batting - Pitching for Portland Sea Dogs : RHP Pedro Torres
|
|
Pitching: LHP Kevin Turner
|
|
|
Batting: LHB Justin Moore
|
0-0: Called Strike 0-1: Ball 1-1: Foul Ball, location: 2F 1-2: Ground out U3 (Groundball, 3, EV 87.5 MPH)
|
|
Pinch Hitting: RHB Andy Chess
|
0-0: Foul Ball, location: 2F 0-1: Ball 1-1: Swinging Strike 1-2: Ball 2-2: Strikes out swinging
|
|
Batting: LHB Andrew Erens
|
0-0: Ground out 4-3 (Groundball, 4, EV 103.8 MPH)
|
| Top of the 8th over - 0 runs, 0 hits, 0 errors, 0 left on base; Bowie 0 - Portland 2 |
| BOTTOM OF THE 8TH |
|
Portland Sea Dogs batting - Pitching for Bowie Baysox : RHP Jon Grason
|
|
Now at 3B: Andy Chess
|
|
|
Batting: RHB Zi-jing Wang
|
0-0: Called Strike 0-1: Foul Ball, location: 2F 0-2: Ball 1-2: Ball 2-2: SINGLE (Groundball, 56S, EV 74.4 MPH) (infield hit)
|
|
Batting: RHB Joe Sandoval
|
0-0: Called Strike 0-1: Called Strike 0-2: Strikes out swinging
|
|
Batting: RHB Alex Melendez
|
0-0: Ball 1-0: Ball 2-0: Ball 3-0: Base on Balls Zi-jing Wang to second
|
|
Batting: RHB Mike Cavagnaro
|
0-0: Called Strike 0-1: SINGLE (Groundball, 56D, EV 106.9 MPH) Zi-jing Wang to third Alex Melendez to second Runner from 3rd tries for Home, SAFE, throw by LF to home
|
|
Batting: LHB Dave Reyes
|
0-0: Swinging Strike 0-1: Called Strike 0-2: Ball 1-2: Fly out, F7 (Flyball, 7, EV 72.5 MPH)
|
|
Batting: LHB Parker Lowe
|
0-0: Swinging Strike 0-1: Ball 1-1: Foul Ball, location: 2F 1-2: Strikes out looking
|
| Bottom of the 8th over - 1 run, 2 hits, 0 errors, 2 left on base; Bowie 0 - Portland 3 |
| TOP OF THE 9TH |
|
Bowie Baysox batting - Pitching for Portland Sea Dogs : LHP Kevin Turner
|
|
Pitching: RHP Elliot Monroe
|
|
|
Batting: RHB Ken Jenkins
|
0-0: SINGLE (Line Drive, 6D, EV 101.2 MPH)
|
|
Pinch Hitting: LHB Raul Rojas
|
0-0: Foul Ball, location: 2F 0-1: Ball 1-1: Fly out, F7 (Flyball, 7, EV 84.4 MPH)
|
|
Batting: RHB Travis Leonard
|
0-0: Ball 1-0: Grounds into double play, 6-4-3 (Groundball, 6, EV 105.6 MPH)
|
| Top of the 9th over - 0 runs, 1 hit, 0 errors, 0 left on base; Bowie 0 - Portland 3 |
|